[Event "Titled Tuesday Blitz May 4 2021"]
[White "Sawlin, Leonid"]
[Black "Bonte, Andrei-Mihai"]
[WhiteFideId "4689542"]
[BlackFideId "1210297"]
[WhiteElo "2412"]
[BlackElo "2200"]
[Result "1-0"]
[Round "01"]
[TimeControl "180+1"]
[Date "2021.05.04"]
[WhiteClock "0:01:16"]
[BlackClock "0:00:19"]

1. e4 c6 2. d4 d5 3. e5 c5 4. dxc5 Nc6 5. Nc3 e6 6. Bb5 Bxc5 7. Nf3 a6 8. Bd3 Qc7 9. Qe2 Nd4 10. Nxd4 Bxd4 11. Qg4 Qxe5+ 12. Ne2 Bxb2 13. Bf4 Bxa1 14. Bxe5 Bxe5 15. O-O Ne7 16. Re1 Bf6 17. Ng3 g6 18. h4 h5 19. Qf4 Bg7 20. Qd6 Bd7 21. c4 Bc6 22. cxd5 Bxd5 23. Be4 Rd8 24. Qb4 Rd7 25. Bxd5 Nxd5 26. Qc5 Bf6 27. Ne4 Be7 28. Qc8+ Bd8 29. Rd1 Nb6 30. Nf6+ Kf8 31. Nxd7+ Nxd7 32. Qxd8+ Kg7 1-0


[Site "https://www.chess.com"]

[Event "Titled Tuesday Blitz May 4 2021"]
[White "Schmakel, Sam"]
[Black "Homiakova, Elena"]
[WhiteFideId "2039311"]
[BlackFideId "13507761"]
[WhiteElo "2356"]
[BlackElo "2291"]
[Result "1-0"]
[Round "01"]
[TimeControl "180+1"]
[Date "2021.05.04"]
[WhiteClock "0:00:04"]
[BlackClock "0:00:01"]

1. d4 Nf6 2. c4 c5 3. d5 b5 4. cxb5 a6 5. bxa6 Bxa6 6. Nc3 d6 7. e4 Bxf1 8. Kxf1 g6 9. g3 Bg7 10. Kg2 O-O 11. a4 Nbd7 12. Qe2 Ra7 13. Nf3 Qa8 14. Rb1 Rb8 15. b3 Rb4 16. Ba3 Rb6 17. Nd2 Qb8 18. Bb2 Ne8 19. Nb5 Rab7 20. Bxg7 Kxg7 21. Nc4 Ra6 22. Rhe1 Nc7 23. Nxc7 Qxc7 24. e5 dxe5 25. Nxe5 Rd6 26. Nc4 Rxd5 27. Qxe7 Qc6 28. Na5 Qb6 29. Nxb7 Qxb7 30. Qe4 Nf6 31. Qf3 Qd7 32. Red1 Rd4 33. Rxd4 cxd4 34. Rd1 h5 35. h3 Qd6 36. Qd3 Qd5+ 37. Kg1 Qe6 38. Kh2 Qd5 39. Qxd4 Qxb3 40. a5 Qa2 41. Ra1 Qe2 42. a6 g5 43. a7 h4 44. gxh4 g4 45. a8=Q g3+ 46. Kxg3 Kg6 47. Qf3 Nh5+ 48. Qxh5+ 1-0


[Site "https://www.chess.com"]

[Event "Titled Tuesday Blitz May 4 2021"]
[White "Schmidt, Harald"]
[Black "Dowgird, Filip"]
[WhiteFideId "4648358"]
[BlackFideId "1121235"]
[WhiteElo "2281"]
[BlackElo "2209"]
[Result "0-1"]
[Round "01"]
[TimeControl "180+1"]
[Date "2021.05.04"]
[WhiteClock "0:00:05"]
[BlackClock "0:00:10"]

1. a3 d5 2. b4 Bf5 3. Bb2 e6 4. d3 Nf6 5. Nd2 h6 6. g3 c6 7. Bg2 a5 8. e4 Bg4 9. f3 Bh5 10. c3 Nbd7 11. Ne2 Ne5 12. Nf4 g5 13. d4 Ned7 14. Nxh5 Nxh5 15. f4 Ng7 16. O-O Be7 17. f5 dxe4 18. fxe6 Nxe6 19. Nxe4 axb4 20. axb4 Rxa1 21. Bxa1 Nf6 22. Bb2 Nxe4 23. Bxe4 O-O 24. Qh5 Kg7 25. Bc1 Bf6 26. Qg4 Re8 27. Bc2 Nxd4 28. cxd4 Qxd4+ 29. Qxd4 Bxd4+ 30. Kh1 Re2 31. Bb3 f6 32. Bc4 Rc2 33. Bd3 Rc3 34. Bf5 Rb3 35. Bd2 Rb2 36. Rd1 Be5 37. Be3 Rxb4 38. Rd7+ Kg8 39. Be6+ Kh8 40. Bc5 Rb1+ 41. Kg2 Rb2+ 42. Kh3 h5 43. Bf8 g4+ 44. Bxg4 hxg4+ 45. Kxg4 Rxh2 46. Kf5 Kg8 0-1


[Site "https://www.chess.com"]

[Event "Titled Tuesday Blitz May 4 2021"]
[White "Schut, Han"]
[Black "Spata, German"]
[WhiteFideId "1005561"]
[BlackFideId "113026"]
[WhiteElo "2057"]
[BlackElo "2238"]
[Result "1-0"]
[Round "01"]
[TimeControl "180+1"]
[Date "2021.05.04"]
[WhiteClock "0:00:08"]
[BlackClock "0:00:02"]

1. e4 Nf6 2. e5 Nd5 3. d4 d6 4. Nf3 dxe5 5. Nxe5 c6 6. Be2 Nd7 7. Nf3 N7f6 8. O-O Bf5 9. Nh4 Bg6 10. c4 Nb6 11. Nc3 e6 12. g3 Be7 13. Be3 O-O 14. Rc1 Rc8 15. Qb3 Qd7 16. a4 Rfd8 17. a5 Na8 18. Rfd1 Nc7 19. Bf3 Rb8 20. d5 exd5 21. Bxa7 Ra8 22. Bb6 Rdc8 23. Nxg6 hxg6 24. Bxc7 Rxc7 25. cxd5 cxd5 26. Nxd5 Rxc1 27. Rxc1 Rxa5 28. Rc7 Rxd5 29. Rxd7 Rxd7 30. Bxb7 Bc5 31. Qc3 Bd4 32. Qc8+ Kh7 33. Bf3 Re7 34. Qc1 Rd7 35. b4 1-0


[Site "https://www.chess.com"]

[Event "Titled Tuesday Blitz May 4 2021"]
[White "Schut, Lisa"]
[Black "Mirzoev, Azer"]
[WhiteFideId "1019481"]
[BlackFideId "13400304"]
[WhiteElo "2234"]
[BlackElo "2525"]
[Result "1-0"]
[Round "01"]
[TimeControl "180+1"]
[Date "2021.05.04"]
[WhiteClock "0:00:10"]
[BlackClock "0:00:00"]

1. e4 c6 2. d4 d5 3. Nc3 dxe4 4. Nxe4 Bf5 5. Ng3 Bg6 6. h4 h6 7. Nf3 e6 8. h5 Bh7 9. Bd3 Bxd3 10. Qxd3 Nf6 11. Bd2 c5 12. O-O-O Nc6 13. Rhe1 cxd4 14. Nf5 Qd5 15. N5xd4 Qxa2 16. Nb3 Be7 17. Ne5 O-O 18. Qg3 Kh8 19. Bc3 a5 20. Nd7 Qa4 21. Nxf6 Bxf6 22. Bxf6 gxf6 23. Qe3 Kh7 24. Nc5 Qg4 25. f3 Qg5 26. f4 Qg4 27. Nd7 Kg7 28. Nxf8 Rxf8 29. Rd7 Qxh5 30. Qxe6 Qg6 31. Qe3 Nb4 32. Qe4 b5 33. Qxg6+ Kxg6 34. Rb7 Nd5 35. g3 b4 36. Rb5 Nc7 37. Rxa5 f5 38. Rc5 Ne6 39. Rc4 Rb8 40. Kb1 Kh5 41. Re5 Kg4 42. Rd5 h5 43. Rd7 Nd8 44. Rcd4 1-0


[Site "https://www.chess.com"]

[Event "Titled Tuesday Blitz May 4 2021"]
[White "Sellitti, Federico"]
[Black "Aumann, Welf"]
[WhiteFideId "821829"]
[BlackFideId "4634071"]
[WhiteElo "2594"]
[BlackElo "2279"]
[Result "1-0"]
[Round "01"]
[TimeControl "180+1"]
[Date "2021.05.04"]
[WhiteClock "0:00:26"]
[BlackClock "0:00:31"]

1. e4 e6 2. b3 d5 3. Bb2 dxe4 4. Nc3 Nf6 5. Qe2 Be7 6. O-O-O Nbd7 7. Nxe4 Nxe4 8. Qxe4 Nf6 9. Qh4 c6 10. Nf3 Qa5 11. Kb1 Bd7 12. Ne5 Rf8 13. Qg3 g6 14. Nc4 Qh5 15. Bd3 O-O-O 16. Nd6+ Bxd6 17. Qxd6 Qd5 18. Qa3 Nh5 19. Qxa7 Qd6 20. Rhe1 Nf4 21. Be5 1-0


[Site "https://www.chess.com"]

[Event "Titled Tuesday Blitz May 4 2021"]
[White "Serikbay, Assel"]
[Black "Abdyzhapar, Asylbek"]
[WhiteFideId "13706799"]
[BlackFideId "13800337"]
[WhiteElo "2044"]
[BlackElo "2383"]
[Result "0-1"]
[Round "01"]
[TimeControl "180+1"]
[Date "2021.05.04"]
[WhiteClock "0:00:34"]
[BlackClock "0:01:53"]

1. d4 d5 2. Nf3 c6 3. c4 Nf6 4. Nc3 dxc4 5. a4 Bf5 6. e3 e6 7. Bxc4 Bb4 8. O-O O-O 9. Qe2 Bg6 10. Rd1 Nbd7 11. Na2 Bd6 12. b3 Qe7 13. Bb2 e5 14. dxe5 Nxe5 15. Nxe5 Bxe5 16. Bxe5 Qxe5 17. Nb4 a5 18. Nd3 Qe7 19. Nf4 Rfd8 20. Nxg6 hxg6 21. f3 Kf8 22. e4 Qc5+ 23. Kh1 Nh5 24. g3 Nf6 25. Kg2 g5 26. e5 Nd5 27. Bxd5 Rxd5 28. Rxd5 Qxd5 29. Rd1 Qxb3 30. Qd2 Re8 31. f4 gxf4 32. gxf4 Qxa4 33. Qd6+ Kg8 34. Qd7 Rf8 35. Rd4 Qc2+ 36. Kg3 b5 37. e6 Qg6+ 38. Kf3 Qxe6 39. Qxe6 fxe6 40. Rd6 Ra8 41. Rxc6 a4 42. Rxe6 a3 0-1


[Site "https://www.chess.com"]

[Event "Titled Tuesday Blitz May 4 2021"]
[White "Seul, Georg"]
[Black "San, Thit Lwin"]
[WhiteFideId "4601653"]
[BlackFideId "13001272"]
[WhiteElo "2332"]
[BlackElo "2232"]
[Result "0-1"]
[Round "01"]
[TimeControl "180+1"]
[Date "2021.05.04"]
[WhiteClock "0:00:07"]
[BlackClock "0:00:20"]

1. e4 Nf6 2. Nc3 d5 3. e5 Nfd7 4. f4 e6 5. Nf3 c5 6. g3 Nc6 7. Bg2 Be7 8. O-O O-O 9. d3 f6 10. exf6 Nxf6 11. Bd2 Bd7 12. a3 Rc8 13. Rb1 Qc7 14. Kh1 Nd4 15. Ne5 Be8 16. Ne2 b5 17. c3 Nf5 18. Qe1 a5 19. g4 Nd6 20. Qg3 b4 21. c4 dxc4 22. dxc4 Nde4 23. Qe3 Nxd2 24. Qxd2 Rd8 25. Qe3 Bd6 26. h3 Bxe5 27. fxe5 Nd7 28. Rxf8+ Nxf8 29. Rf1 Ng6 30. Nf4 Nxf4 31. Qxf4 Bc6 32. Rf2 h6 33. Kh2 Bxg2 34. Kxg2 Rd4 35. Qf3 Qxe5 36. Re2 Qf4 37. Qxf4 Rxf4 38. a4 Rxc4 39. Kf3 Kf7 40. Rd2 Kf6 41. h4 Ke5 42. Rf2 0-1


[Site "https://www.chess.com"]

[Event "Titled Tuesday Blitz May 4 2021"]
[White "Sevian, Samuel"]
[Black "Manukian, Artak"]
[WhiteFideId "2040506"]
[BlackFideId "13301373"]
[WhiteElo "2972"]
[BlackElo "2461"]
[Result "1-0"]
[Round "01"]
[TimeControl "180+1"]
[Date "2021.05.04"]
[WhiteClock "0:01:36"]
[BlackClock "0:00:43"]

1. e4 c6 2. d4 d5 3. Nc3 dxe4 4. Nxe4 Nf6 5. Nxf6+ exf6 6. Bd3 Bd6 7. Qh5 g6 8. Qh6 Bf8 9. Qh4 h5 10. Nf3 Bg7 11. O-O O-O 12. Re1 Na6 13. c3 Nc7 14. h3 Nd5 15. Bd2 b5 16. Re2 Re8 17. Rxe8+ Qxe8 18. Re1 Be6 19. Qg3 Qd7 20. Nh4 Ne7 21. a3 a5 22. Nf3 Re8 23. Nh4 Kf8 24. Qf3 Qd5 25. Be4 Qd7 26. Qd1 a4 27. Nf3 Nf5 28. Bf4 Nd6 29. Bd3 Bd5 30. Rxe8+ Kxe8 31. Nd2 Qe6 32. Bxd6 Qxd6 33. c4 bxc4 34. Nxc4 Bxc4 35. Bxc4 f5 36. d5 Kf8 37. Qxa4 cxd5 38. Qa8+ Ke7 39. Bxd5 Bxb2 40. Qb7+ Kf6 41. Qxb2+ 1-0


[Site "https://www.chess.com"]

[Event "Titled Tuesday Blitz May 4 2021"]
[White "Shahinyan, David"]
[Black "Batchimeg, Tuvshintugs"]
[WhiteFideId "13304380"]
[BlackFideId "4900839"]
[WhiteElo "2372"]
[BlackElo "2295"]
[Result "1-0"]
[Round "01"]
[TimeControl "180+1"]
[Date "2021.05.04"]
[WhiteClock "0:00:05"]
[BlackClock "0:00:02"]

1. e4 e6 2. d4 d5 3. e5 c5 4. c3 Nc6 5. Nf3 f6 6. Bd3 fxe5 7. dxe5 Qc7 8. Bf4 Bd7 9. O-O O-O-O 10. c4 d4 11. Nbd2 Nh6 12. Re1 Nf7 13. a3 Kb8 14. h4 Be7 15. Rb1 Rdf8 16. Bg3 g5 17. hxg5 Nxg5 18. Nxg5 Bxg5 19. Ne4 Bf4 20. Bxf4 Rxf4 21. Nxc5 Bc8 22. Qh5 Rhf8 23. Re2 R4f7 24. b4 b6 25. Nb3 Bb7 26. b5 Ne7 27. Nxd4 Qd7 28. Qh4 Rf4 29. Nc6+ Nxc6 30. bxc6 Qxc6 31. Qg3 h5 32. Rbe1 h4 33. Qh3 Rg8 34. Be4 Qxc4 35. Bxb7 Kxb7 36. Rd2 Rfg4 37. f3 Qc5+ 38. Kh1 R4g6 39. Red1 a5 40. Rb1 Ka6 41. Rd6 Rxg2 42. Rdxb6+ Ka7 43. Rb7+ Ka8 44. Qxg2 Rxg2 45. Kxg2 Qc2+ 46. Kh1 Qf5 47. Rb8+ Ka7 48. R8b7+ Ka6 49. R7b6+ Ka7 50. Rb7+ Ka8 51. R7b3 Qxe5 52. a4 1-0


[Site "https://www.chess.com"]

[Event "Titled Tuesday Blitz May 4 2021"]
[White "Shahinyan, David"]
[Black "Cunjalo, Faris"]
[WhiteFideId "13304380"]
[BlackFideId "14410710"]
[WhiteElo "2372"]
[BlackElo "2234"]
[Result "0-1"]
[Round "01"]
[TimeControl "180+1"]
[Date "2021.05.04"]
[WhiteClock "0:00:17"]
[BlackClock "0:00:24"]

1. e4 c6 2. Nf3 d5 3. d3 Qc7 4. Nbd2 e5 5. Be2 Bd6 6. O-O Nf6 7. c3 O-O 8. b4 a5 9. bxa5 Rxa5 10. Qc2 Re8 11. Bb2 Bg4 12. h3 Bh5 13. a4 Nbd7 14. Nb3 Raa8 15. Rfe1 Bg6 16. Nfd2 Nc5 17. Nxc5 Bxc5 18. Bf3 dxe4 19. dxe4 h6 20. Nc4 Nh7 21. h4 Nf6 22. Rad1 Qe7 23. g3 Qe6 24. Ne3 Bxe3 25. Rxe3 Qc4 26. Ra1 Red8 27. Qe2 Rxa4 28. Rxa4 Qxa4 29. g4 Qa6 30. Qxa6 bxa6 31. g5 hxg5 32. hxg5 Nh7 33. Ba3 Nxg5 34. Bg2 Ne6 35. Bf1 Rd1 36. Rd3 Ra1 37. Bd6 Bxe4 38. Re3 Bd5 39. Bxe5 Bc4 0-1


[Site "https://www.chess.com"]

[Event "Titled Tuesday Blitz May 4 2021"]
[White "Shankovskyi, Andrii"]
[Black "Diaz Camallonga, Carles"]
[WhiteFideId "14121565"]
[BlackFideId "22235256"]
[WhiteElo "2269"]
[BlackElo "2438"]
[Result "0-1"]
[Round "01"]
[TimeControl "180+1"]
[Date "2021.05.04"]
[WhiteClock "0:00:05"]
[BlackClock "0:00:28"]

1. e4 e6 2. d4 d5 3. exd5 exd5 4. Bd3 Nc6 5. Nf3 Bd6 6. O-O Nge7 7. Nc3 Bg4 8. h3 Bxf3 9. Qxf3 Nxd4 10. Qg4 Ne6 11. Bf5 Nxf5 12. Qxf5 c6 13. Re1 Qd7 14. Bg5 O-O 15. Rad1 g6 16. Qf6 Nxg5 17. Qxg5 Rfe8 18. Rxe8+ Rxe8 19. Nb1 Qe6 20. Nd2 Qe2 21. Rc1 Bc5 22. Qf4 Re5 23. Nb3 Rf5 24. Qb8+ Kg7 25. Nxc5 Qxf2+ 26. Kh1 Qxc5 27. Qg3 Qd4 28. c3 Qf4 29. Qd3 Qxc1+ 30. Kh2 Qf4+ 31. Kg1 Qe4 32. Kh2 Qxd3 0-1


[Site "https://www.chess.com"]

[Event "Titled Tuesday Blitz May 4 2021"]
[White "Shapkin, Anatoliy"]
[Black "Seemann, Jakub"]
[WhiteFideId "34108332"]
[BlackFideId "21874697"]
[WhiteElo "2221"]
[BlackElo "1793"]
[Result "1-0"]
[Round "01"]
[TimeControl "180+1"]
[Date "2021.05.04"]
[WhiteClock "0:00:22"]
[BlackClock "0:02:33"]

1. d4 Nf6 2. c4 e6 3. g3 d5 4. Nf3 dxc4 5. Bg2 Nc6 6. O-O a6 7. Bg5 h6 8. Bxf6 Qxf6 9. Nc3 Bb4 10. Rc1 O-O 11. e3 Bd7 12. Ne4 Qe7 13. Rxc4 Bd6 14. Nxd6 cxd6 15. d5 Ne5 16. Nxe5 dxe5 17. d6 Qf6 18. Rc7 Bb5 19. Re1 Rfd8 20. a4 Bc6 21. Bxc6 bxc6 22. Rxc6 Rab8 23. Qd2 Qf3 24. Rec1 h5 25. h4 Rb4 26. Qxb4 1-0


[Site "https://www.chess.com"]

[Event "Titled Tuesday Blitz May 4 2021"]
[White "Sharapov, Evgeny"]
[Black "Funderburg, John T"]
[WhiteFideId "14103133"]
[BlackFideId "2004992"]
[WhiteElo "2367"]
[BlackElo "2065"]
[Result "1-0"]
[Round "01"]
[TimeControl "180+1"]
[Date "2021.05.04"]
[WhiteClock "0:02:29"]
[BlackClock "0:01:33"]

1. c4 e5 2. Nc3 Nf6 3. g3 d5 4. cxd5 Nxd5 5. Bg2 Nb6 6. Nf3 Nc6 7. O-O Be7 8. b3 O-O 9. Bb2 Be6 10. Rc1 f6 11. d3 Qd7 12. Ne4 a5 13. Nc5 Bxc5 14. Rxc5 a4 15. Nd2 axb3 16. axb3 Bd5 17. Nc4 Nxc4 18. Bxd5+ 1-0


[Site "https://www.chess.com"]

[Event "Titled Tuesday Blitz May 4 2021"]
[White "Shimelkov, Vasiliy"]
[Black "Buscar, Michael"]
[WhiteFideId "13701630"]
[BlackFideId "2603616"]
[WhiteElo "2073"]
[BlackElo "2010"]
[Result "1-0"]
[Round "01"]
[TimeControl "180+1"]
[Date "2021.05.04"]
[WhiteClock "0:00:36"]
[BlackClock "0:00:14"]

1. d4 Nf6 2. c4 g6 3. Nf3 Bg7 4. Nc3 d6 5. e4 O-O 6. Be2 e5 7. dxe5 dxe5 8. Qxd8 Rxd8 9. Bg5 h6 10. Bxf6 Bxf6 11. Nd5 Rxd5 12. cxd5 c6 13. Rc1 Bd7 14. O-O Bg4 15. Rfd1 Kg7 16. h3 Bd7 17. b4 a6 18. a4 cxd5 19. exd5 Bxa4 20. Rd2 Nd7 21. Rc7 e4 22. Nd4 Nb6 23. Ne6+ Kg8 24. Nc5 Bc3 25. Nxa4 Nxa4 26. Ra2 Be5 27. Rxb7 Nc3 28. Rc2 Nxd5 29. Rc5 Nf4 30. Bc4 Bd6 31. Rc6 Rd8 32. Rxf7 Kh8 33. Rxd6 Nxh3+ 34. gxh3 Rxd6 35. Rb7 g5 36. Kg2 h5 37. Kf1 Rc6 38. Be2 Rc3 39. Bxa6 Rxh3 40. b5 Ra3 41. Ra7 g4 42. b6 h4 43. b7 Rb3 44. Ra8+ Kg7 45. b8=Q Rxb8 46. Rxb8 Kf6 47. Rh8 Kg5 48. Kg2 1-0


[Site "https://www.chess.com"]

[Event "Titled Tuesday Blitz May 4 2021"]
[White "Shipov, Sergei"]
[Black "Mitra, Roman C"]
[WhiteFideId "4113624"]
[BlackFideId "419540"]
[WhiteElo "2739"]
[BlackElo "2174"]
[Result "1-0"]
[Round "01"]
[TimeControl "180+1"]
[Date "2021.05.04"]
[WhiteClock "0:02:04"]
[BlackClock "0:00:40"]

1. d4 Nf6 2. c4 Nc6 3. Nf3 e6 4. a3 d6 5. b4 Be7 6. Bb2 O-O 7. Nc3 e5 8. d5 Nb8 9. e4 a5 10. Be2 Ne8 11. O-O f5 12. Nd2 Bf6 13. c5 b6 14. c6 f4 15. Nc4 axb4 16. axb4 Rxa1 17. Qxa1 Na6 18. Qa4 Bh4 19. Nd2 f3 20. Nxf3 Rxf3 21. Bxf3 Qg5 22. b5 Nc5 23. Qa8 Qd8 24. Bc1 Nd3 25. Be3 g5 26. Bg4 1-0


[Site "https://www.chess.com"]

[Event "Titled Tuesday Blitz May 4 2021"]
[White "Shirazi, Kamran"]
[Black "Djordjevic, Vuk"]
[WhiteFideId "2000733"]
[BlackFideId "902098"]
[WhiteElo "2317"]
[BlackElo "2463"]
[Result "0-1"]
[Round "01"]
[TimeControl "180+1"]
[Date "2021.05.04"]
[WhiteClock "0:00:13"]
[BlackClock "0:00:09"]

1. e4 e6 2. d4 d5 3. Nc3 Bb4 4. exd5 exd5 5. Ne2 Nf6 6. a3 Bd6 7. Nb5 Be7 8. Bf4 Na6 9. Ng3 O-O 10. Bd3 c6 11. Nc3 Nc7 12. h3 Ne6 13. Be3 Bd6 14. Nf5 Nf4 15. Bxf4 Bxf4 16. O-O g6 17. Ng3 Qd6 18. Qf3 Bd7 19. Nce2 Bg5 20. c4 dxc4 21. Bxc4 Rae8 22. Rad1 Kg7 23. Nc3 Qf4 24. Qd3 h5 25. Nce2 Qd6 26. f4 Bh6 27. Rf3 h4 28. Nf1 Bf5 29. Qc3 Ne4 30. Qa5 b6 31. Qxa7 Ra8 32. Qb7 b5 33. Ba2 Rab8 34. Qa6 Ra8 35. Qb7 Nf6 36. d5 cxd5 37. Qxb5 Rab8 38. Qa5 Rxb2 39. Nc3 d4 40. Nd5 Nxd5 41. Bxd5 Bxf4 42. Bc4 Qe5 43. Qxe5+ Bxe5 44. Rxf5 gxf5 45. Bd3 Rb3 46. Nh2 Bxh2+ 47. Kxh2 Rxa3 48. Bxf5 Rd8 49. Bd3 Re8 50. Kg1 Re3 51. Kf2 Rexd3 52. Rb1 Rd2+ 53. Ke1 Rxg2 54. Kf1 Rag3 55. Rd1 Rg1+ 56. Kf2 R3g2+ 57. Kf3 Rxd1 58. Kxg2 Rd3 59. Kf2 Re3 0-1


[Site "https://www.chess.com"]

[Event "Titled Tuesday Blitz May 4 2021"]
[White "Shkapenko, Pavel"]
[Black "Berezin, Viktor"]
[WhiteFideId "4151933"]
[BlackFideId "14107872"]
[WhiteElo "2386"]
[BlackElo "2310"]
[Result "1-0"]
[Round "01"]
[TimeControl "180+1"]
[Date "2021.05.04"]
[WhiteClock "0:01:40"]
[BlackClock "0:01:22"]

1. e4 c6 2. d4 d5 3. e5 c5 4. dxc5 Nc6 5. a3 e6 6. Nf3 Bxc5 7. b4 Bb6 8. c4 dxc4 9. Qxd8+ Bxd8 10. Bxc4 Bc7 11. Bb2 Nh6 12. O-O O-O 13. Re1 Nf5 14. Nc3 a6 15. Rad1 b5 16. Bd3 Nfe7 17. Be4 Bb7 18. Rd7 Rac8 19. Rxe7 Nxe7 20. Bxb7 Rcd8 21. Bxa6 Nd5 22. Nxb5 Bb8 23. Nbd4 Nf4 24. Nc6 Rd5 25. Ne7+ Kh8 26. Nxd5 Nxd5 27. Bb7 Nf4 28. Rd1 h5 29. g3 Ng6 30. Rd7 Kh7 31. Ng5+ Kh6 32. Nxf7+ 1-0


[Site "https://www.chess.com"]

[Event "Titled Tuesday Blitz May 4 2021"]
[White "Shukhman, Anna"]
[Black "Ibrayev, Nurlan"]
[WhiteFideId "54180058"]
[BlackFideId "13700650"]
[WhiteElo "1628"]
[BlackElo "2366"]
[Result "0-1"]
[Round "01"]
[TimeControl "180+1"]
[Date "2021.05.04"]
[WhiteClock "0:00:01"]
[BlackClock "0:00:10"]

1. e4 c5 2. Nf3 d6 3. d4 cxd4 4. Nxd4 Nf6 5. Nc3 a6 6. h4 e5 7. Nb3 Be6 8. f4 exf4 9. Bxf4 Be7 10. Be2 O-O 11. Qd2 d5 12. exd5 Nxd5 13. Nxd5 Qxd5 14. O-O-O Qxd2+ 15. Rxd2 Nc6 16. Bf3 Rad8 17. Rhd1 Bxh4 18. Nc5 Bc8 19. Nxa6 Bf6 20. Nc5 Nd4 21. Bxb7 Bg4 22. Re1 Rfe8 23. Ne4 Kh8 24. c3 Bh4 25. Rh1 Nf5 26. Rxd8 Rxd8 27. Bg5 Bxg5+ 28. Nxg5 Kg8 29. a4 h6 30. Ne4 Rb8 31. Bc6 Ne7 32. Bb5 Be6 33. Nc5 Bd5 34. Re1 Ng6 35. Nd7 Rd8 36. a5 Bxg2 37. a6 Nf4 38. Re3 h5 39. a7 h4 40. Nb6 h3 41. Rxh3 Nxh3 42. Kc2 Nf4 43. Kb3 Ne6 44. Kb4 Nc7 45. Bc4 g5 46. Kc5 Kg7 47. b4 g4 48. b5 g3 49. Na4 Nxb5 50. Bxb5 Bf3 51. Bf1 Rd1 0-1


[Site "https://www.chess.com"]

[Event "Titled Tuesday Blitz May 4 2021"]
[White "Silva, Kaua Marques"]
[Black "Vlassov, Nikolai"]
[WhiteFideId "22701168"]
[BlackFideId "4103360"]
[WhiteElo "2013"]
[BlackElo "2407"]
[Result "0-1"]
[Round "01"]
[TimeControl "180+1"]
[Date "2021.05.04"]
[WhiteClock "0:01:36"]
[BlackClock "0:02:11"]

1. e4 Nc6 2. Nf3 d5 3. exd5 Qxd5 4. Nc3 Qa5 5. Bc4 Bg4 6. h3 Bh5 7. g4 Bg6 8. d3 O-O-O 9. Bd2 e5 10. Nh4 Nf6 11. Qc1 Nd4 12. Nd5 Qc5 13. b4 Qc6 14. b5 Nxb5 15. Nxf6 Qxh1+ 16. Ke2 Nd4+ 17. Ke3 Qxh3+ 18. f3 gxf6 0-1


[Site "https://www.chess.com"]

[Event "Titled Tuesday Blitz May 4 2021"]
[White "Sipila, Vilka"]
[Black "Papp, Petra"]
[WhiteFideId "505455"]
[BlackFideId "739049"]
[WhiteElo "2334"]
[BlackElo "2259"]
[Result "1/2-1/2"]
[Round "01"]
[TimeControl "180+1"]
[Date "2021.05.04"]
[WhiteClock "0:01:35"]
[BlackClock "0:00:15"]

1. b3 d5 2. Bb2 Bf5 3. e3 e6 4. f4 Nf6 5. Nf3 h6 6. Bd3 Ne4 7. O-O c5 8. Bb5+ Nc6 9. Ne5 Qb6 10. Bxc6+ bxc6 11. d3 Nd6 12. g4 Bh7 13. Nd2 f6 14. Nef3 Be7 15. Qe2 O-O-O 16. e4 Rde8 17. e5 Nb5 18. a4 Nd4 19. Nxd4 cxd4 20. a5 Qc5 21. Nf3 fxe5 22. fxe5 Qb4 23. Ra4 Qb7 24. Bxd4 c5 25. Bf2 d4 26. b4 cxb4 27. Bxd4 Kb8 28. Rb1 Ka8 29. c3 b3 30. c4 Rd8 31. a6 Qc6 32. Ra5 Rxd4 33. Nxd4 Bc5 34. Qg2 Bxd4+ 35. Kh1 Qxg2+ 36. Kxg2 Rb8 37. Ra3 Bxd3 38. Rbxb3 Rxb3 39. Rxb3 Bxc4 40. Rb4 Bd5+ 41. Kh3 Bxe5 42. Rb1 g5 43. Rb8+ Bxb8 1/2-1/2


[Site "https://www.chess.com"]

[Event "Titled Tuesday Blitz May 4 2021"]
[White "Sirosh, Ilja"]
[Black "Lejean-Anusca, Madalina-Maria"]
[WhiteFideId "4500458"]
[BlackFideId "1215396"]
[WhiteElo "2241"]
[BlackElo "2002"]
[Result "1-0"]
[Round "01"]
[TimeControl "180+1"]
[Date "2021.05.04"]
[WhiteClock "0:01:57"]
[BlackClock "0:01:44"]

1. e4 c6 2. d4 d5 3. exd5 cxd5 4. c4 Nc6 5. Nc3 Nf6 6. Nf3 e6 7. cxd5 Nxd5 8. Bc4 Bb4 9. Qc2 O-O 10. O-O Nxc3 11. bxc3 Be7 12. Qe4 a6 13. Bd3 g6 14. Bh6 Re8 15. h4 Bf6 16. h5 Bg7 17. Qe3 e5 18. Bxg7 Kxg7 19. h6+ Kg8 20. dxe5 Nxe5 21. Nxe5 f6 22. Bc4+ Kf8 23. f4 b5 24. Bb3 Bf5 25. Qc5+ Re7 26. Nc6 Qc7 27. Qxe7+ Qxe7 28. Nxe7 Kxe7 29. Rfe1+ 1-0


[Site "https://www.chess.com"]

[Event "Titled Tuesday Blitz May 4 2021"]
[White "Skoberne, Jure"]
[Black "Suvorov, Luca"]
[WhiteFideId "14604299"]
[BlackFideId "12977071"]
[WhiteElo "2559"]
[BlackElo "2127"]
[Result "1-0"]
[Round "01"]
[TimeControl "180+1"]
[Date "2021.05.04"]
[WhiteClock "0:00:54"]
[BlackClock "0:00:04"]

1. d4 Nf6 2. c4 e6 3. Nf3 a6 4. g3 b5 5. Bg2 Bb7 6. b3 c5 7. d5 exd5 8. Nh4 Qa5+ 9. Bd2 Qb6 10. cxd5 Bxd5 11. e4 Bxe4 12. O-O Bxg2 13. Kxg2 Be7 14. Nf5 g6 15. Nxe7 Kxe7 16. Re1+ Kd8 17. Qf3 d5 18. Bg5 Nd7 19. Nc3 Kc8 20. Rac1 Ra7 21. Re7 Rd8 22. Rxf7 Ne5 23. Qxf6 Qxf6 24. Rxf6 d4 25. Nxb5 axb5 26. Rxc5+ Rc7 27. Rxe5 d3 28. Ra6 Kb7 29. Bxd8 Rd7 1-0


[Site "https://www.chess.com"]

[Event "Titled Tuesday Blitz May 4 2021"]
[White "Skuhala, Jernej"]
[Black "Demchenko, Anton"]
[WhiteFideId "14605651"]
[BlackFideId "4160258"]
[WhiteElo "2415"]
[BlackElo "2593"]
[Result "0-1"]
[Round "01"]
[TimeControl "180+1"]
[Date "2021.05.04"]
[WhiteClock "0:00:12"]
[BlackClock "0:01:34"]

1. e4 e5 2. Nf3 Nc6 3. Bb5 a6 4. Ba4 g6 5. d4 exd4 6. Bxc6 dxc6 7. Qxd4 Qxd4 8. Nxd4 Bd7 9. Be3 O-O-O 10. Nd2 Re8 11. O-O-O h5 12. f3 f5 13. Rhe1 Nh6 14. N4b3 b6 15. Bg5 Bg7 16. Nc4 fxe4 17. fxe4 Ng4 18. h3 Nf2 19. Rxd7 Kxd7 20. Rf1 Rhf8 21. e5 Nd3+ 22. cxd3 Rxf1+ 0-1


[Site "https://www.chess.com"]

[Event "Titled Tuesday Blitz May 4 2021"]
[White "Slovak_fighter2000"]
[Black "Le, Tuan Minh"]
[BlackFideId "12401153"]
[WhiteElo "2442"]
[BlackElo "2450"]
[Result "0-1"]
[Round "01"]
[TimeControl "180+1"]
[Date "2021.05.04"]
[WhiteClock "0:00:02"]
[BlackClock "0:00:05"]

1. d4 d5 2. Nf3 Nf6 3. Bf4 Bf5 4. e3 e6 5. Bd3 Bg6 6. O-O Bd6 7. Bxd6 cxd6 8. c4 dxc4 9. Bxc4 O-O 10. Nc3 Nbd7 11. Rc1 a6 12. Bd3 Rc8 13. Bxg6 hxg6 14. Qb3 Qb6 15. Qxb6 Nxb6 16. Nd2 e5 17. dxe5 dxe5 18. Nde4 Rfd8 19. Rfd1 Rxd1+ 20. Rxd1 Kf8 21. Nxf6 gxf6 22. g4 Ke7 23. Rc1 Ke6 24. Kf1 f5 25. gxf5+ Kxf5 26. Ke2 Rh8 27. Nb1 Nd5 28. Nd2 Ke6 29. Ne4 b6 30. Rc6+ Ke7 31. Rd6 Rd8 32. Rxd8 Kxd8 33. a3 Kd7 34. Kd3 f5 35. Nd2 Ke6 36. Nc4 b5 37. Nd2 Nf6 38. f3 Kd5 39. e4+ Kd6 40. exf5 gxf5 41. Nf1 Nd5 42. Ng3 Ke6 43. Ne2 Kf6 44. Nc1 Nb6 45. b3 Kg5 46. Ke2 Nd5 47. Nd3 Kf6 48. Nc5 a5 49. Nb7 a4 50. bxa4 bxa4 51. Nc5 Nb6 52. Kd3 Kg5 53. Ke2 Kh4 54. Nd3 Nc4 55. Nc5 Nxa3 56. Nxa4 Nc4 57. Nc5 Kg5 0-1


[Site "https://www.chess.com"]